 Dungeon Crawl Stone Soup version 0.30-a0-457-g4b7bca3bfa (webtiles) character file.

Game seed: 4006831050666845038

1444 cforsyth the Trooper (level 8, 0/109 HPs)
             Began as a Minotaur Berserker on Dec 13, 2022.
             Was a Priest of Trog.
             Slain by an orc
             ... wielding a +0 club
              (3 damage)
             ... on level 5 of the Dungeon.
             The game lasted 00:05:57 (3583 turns).

cforsyth the Trooper (Minotaur Berserker)           Turns: 3583, Time: 00:05:58

Health: 0/109      AC: 11    Str: 24    XL:     8   Next: 46%
Magic:  7/7        EV: 10    Int:  4    God:    Trog [***...]
Gold:   215        SH:  0    Dex: 10    Spells: 7/7 levels left

rFire   . . .      SeeInvis .    a - +0 hand axe
rCold   . . .      Faith    .    (no shield)
rNeg    . . .      Spirit   .    o - +0 chain mail
rPois   .          Reflect  .    (helmet restricted)
rElec   .          Harm     .    (no cloak)
rCorr   .          Rampage  .    p - +0 pair of gloves
Will    .....                    (no boots)
Stlth   ..........               (no amulet)
HPRegen 0.38/turn                (no ring)
MPRegen 0.10/turn                (no ring)

@: berserking, lethally poisoned (0 -> -6), very quick
A: horns 2, retaliatory headbutt
a: Renounce Religion, Berserk, Trog's Hand


You were on level 5 of the Dungeon.
You worshipped Trog.
Trog was most pleased with you.
You visited 1 branch of the dungeon, and saw 5 of its levels.
You also visited: Ossuary.

You collected 215 gold pieces.

Inventory:

Hand Weapons
 a - a +0 hand axe (weapon)
 h - a +0 broad axe
Missiles
 m - a throwing net (quivered)
Armour
 b - a +0 animal skin
 l - a +0 scale mail
 o - a +0 chain mail (worn)
 p - a +0 pair of gloves (worn)
Scrolls
 c - a scroll of acquirement {unknown}
 d - a scroll of teleportation {unknown}
 e - 2 scrolls of noise {unknown}
 i - a scroll of enchant weapon {unknown}
 n - a scroll of enchant armour {unknown}
 r - 2 scrolls of identify {unknown}
 s - 2 scrolls of fear {unknown}
 v - a scroll of poison {unknown}
 x - a scroll of fog {unknown}
 y - a scroll of blinking {unknown}
Potions
 f - 4 potions of haste {unknown}
 g - a potion of berserk rage {unknown}
 j - a potion of cancellation {unknown}
 k - 2 potions of degeneration {unknown}
 q - a potion of resistance
 t - 2 potions of brilliance {unknown}
 u - a potion of curing
 w - a potion of heal wounds {unknown}
 z - 2 potions of might {unknown}
 A - a potion of invisibility {unknown}
 B - a potion of magic {unknown}
 C - a potion of mutation {unknown}


   Skills:
 + Level 7.3 Fighting
 + Level 7.2 Axes
 + Level 6.7 Armour
 + Level 6.1 Dodging


You had 7 spell levels left.
You didn't know any spells.
Your spell library was empty.

Dungeon Overview and Level Annotations

Branches:
Dungeon (5/15)             Temple (0/1) D:4         Ossuary (visited)

Altars:
Qazlal
Uskayaw
Yredelemnul

Annotations:
D:4 2 transporters


Innate Abilities, Weirdness & Mutations

You have a pair of horns on your head.
You reflexively headbutt those who attack you in melee.


Message History

You barely miss the orc priest.
The orc priest is almost dead.
You feel extremely sick.
The orc priest mumbles some strange prayers to Beogh against you.
Beogh smites you!
* * * LOW HITPOINT WARNING * * *
You barely miss the orc priest. You headbutt the orc priest.
You kill the orc priest!
Trog accepts your kill.
* * * LOW HITPOINT WARNING * * *
You feel very sick.
You are too injured to fight recklessly!
A red film seems to cover your vision as you go berserk!
You feel yourself moving faster!
You feel mighty!
* * * LOW HITPOINT WARNING * * *
You feel very sick.
You slice the jelly!!
You kill the jelly!
Trog accepts your kill.
* * * LOW HITPOINT WARNING * * *
You feel very sick.
* * * LOW HITPOINT WARNING * * *
You feel sick. The orc priest barely misses you. You furiously retaliate!
You headbutt the orc priest!
Things that are here:
a +2 flail of venom; a +0 leather armour; a +3 whip You closely miss the orc priest.
The orc priest is severely wounded.
* * * LOW HITPOINT WARNING * * *
You feel sick.
You slash the orc priest!
You feel the power of Trog in you as your rage grows.
You kill the orc priest!
Trog accepts your kill.
* * * LOW HITPOINT WARNING * * *
You feel sick.
You closely miss the orc.
* * * LOW HITPOINT WARNING * * *
You feel sick. The orc hits you with a +0 club.
You die...

...## ...# ##
.... . ..#.#
..#. . #.. .. #
#o# # #..#.#@#
.#
#...#.###.### #
#.†.......#.#
#...#...###.#.#
#..###...# ...
#...###..†###.#
.. #.)....[...#
. #.####.##.###
#.##.##


You could see an orc.

Vanquished Creatures
  Pikel (D:4)
  2 wraiths (Ossuary)
  4 lemures (D:4)
  A necrophage (D:3)
  2 scorpions (D:4)
  2 wights (Ossuary)
  A howler monkey (D:4)
  A centaur zombie (Ossuary)
  A jelly (D:5)
  2 orc priests (D:5)
  A hound (D:5)
  2 iguanas (D:4)
  3 gnolls (D:3)
  2 adders
  An ufetubus (D:4)
  An adder zombie (Ossuary)
  A worm (D:3)
  5 dart slugs
  9 orcs
  4 bats
  7 endoplasms
  2 giant cockroaches
  9 goblins
  6 hobgoblins
  4 jackals
  6 quokkas
  7 ball pythons
  2 ball python skeletons (Ossuary)
  9 frilled lizards
  2 hobgoblin skeletons (Ossuary)
  2 hobgoblin zombies (Ossuary)
  4 kobolds (D:3)
  2 orc zombies (Ossuary)
  7 rats
115 creatures vanquished.

Notes
Turn   | Place    | Note
-------+----------+-------------------------------------------
     0 | D:1      | cforsyth the Minotaur Berserker began the quest for the
                  | Orb.
     0 | D:1      | Reached XP level 1. HP: 19/19 MP: 0/0
    44 | D:1      | Reached XP level 2. HP: 23/27 MP: 1/1
   250 | D:1      | Reached ** piety under Trog
   261 | D:1      | Reached XP level 3. HP: 26/33 MP: 2/2
   789 | D:2      | Found a faded altar of an unknown god.
  1237 | D:2      | Reached XP level 4. HP: 40/40 MP: 3/3
  1619 | D:3      | Noticed a necrophage
  1629 | D:3      | Killed a necrophage
  1630 | D:3      | Reached XP level 5. HP: 44/47 MP: 4/4
  1813 | D:3      | Reached *** piety under Trog
  2370 | D:4      | Noticed Pikel
  2370 | D:4      | Noticed a lemure
  2370 | D:4      | Noticed a lemure
  2370 | D:4      | Noticed a lemure
  2370 | D:4      | Noticed a lemure
  2377 | D:4      | Killed a lemure
  2378 | D:4      | Killed a lemure
  2379 | D:4      | Killed a lemure
  2387 | D:4      | Killed Pikel
  2387 | D:4      | Killed a lemure
  2388 | D:4      | Reached skill level 5 in Armour
  2388 | D:4      | Reached skill level 5 in Dodging
  2388 | D:4      | Reached XP level 6. HP: 35/57 MP: 5/5
  2388 | D:4      | Reached XP level 7. HP: 39/63 MP: 6/6
  2540 | D:4      | Found a sand-covered staircase.
  2549 | Ossuary  | Entered an ossuary
  2642 | Ossuary  | Noticed a flying skull
  2642 | Ossuary  | Noticed a wraith
  2651 | Ossuary  | Noticed a flying skull
  2678 | Ossuary  | Noticed a flying skull
  2687 | Ossuary  | Noticed a wraith
  2702 | Ossuary  | Killed a wraith
  2853 | Ossuary  | Reached XP level 8. HP: 52/70 MP: 7/7
  3042 | D:4      | Found a transporter.
  3163 | D:4      | Identified the +4 rapier of Saew {distort, Str+3}
  3318 | D:4      | Found a transporter.
  3397 | D:4      | Found a staircase to the Ecumenical Temple.
  3494 | D:4      | Found a stormy altar of Qazlal.
  3494 | D:4      | Found a basalt altar of Yredelemnul.
  3494 | D:4      | Found a hide-covered altar of Uskayaw.
  3544 | D:5      | Entered Level 5 of the Dungeon
  3581 | D:5      | HP: 5/109 [poisoned by an orc priest]
  3583 | D:5      | Slain by an orc

Illustrated notes

Levels and vault maps discovered:
D:1:      lightli_arrival_maybe_door_vault, layout_basic, st_stairs_11
D:2:      layout_loops_corners, ebering_ecumenical_altar_abandoned
D:3:      minmay_inner_zag, layout_loops_ring
D:4:      gammafunk_cloud_chamber, layout_basic, gammafunk_temple_overflow_claw,
          minmay_temple_entry_ruins, enter_ossuary_1, uniq_pikel
D:5:      layout_loops_ring, lemuel_tele_altar, tso_metal_star,
          serial_bayou_lagoon_a, uniq_blork_the_orc

Skill      XL: |  1  2  3  4  5  6  7  8 |
---------------+-------------------------+-----
Fighting       | 4 6 7 |  7.3
Axes           | 4 6 7 |  7.2
Armour         | 3 5 6 |  6.7
Dodging        | 3 5 6 |  6.1

Action                   |  1- 3 |  4- 6 |  7- 9 || total
-------------------------+-------+-------+-------++-------
Melee: Hand axe          |    86 |    78 |   119 ||   283
       Headbutt          |    15 |    11 |    29 ||    55
       Punch             |     1 |       |     3 ||     4
Invok: Berserk           |       |     2 |     1 ||     3
Armor: Animal skin       |    18 |       |       ||    18
       Scale mail        |       |    15 |       ||    15
       Chain mail        |       |    19 |    43 ||    62
Dodge: Dodged            |    58 |    43 |    62 ||   163

Table legend: (Time is in decaauts)
 A = Elapsed time spent in this place.
 B = Non-inter-level travel time spent in this place.
 C = Inter-level travel time spent in this place.
 D = Time resting spent in this place.
 E = Time spent auto-exploring this place.
 F = Levels seen in this place.
 G = Mean time per level.
                   A        B        C        D        E       F      G
               +--------+--------+--------+--------+--------+-----+--------+
         Total |   3636 |   3550 |     86 |    230 |   2580 |   6 |  606.0 |
       Dungeon |   3149 |   3063 |     86 |    230 |   2229 |   5 |  629.8 |
       Ossuary |    486 |    486 |      0 |      0 |    351 |   1 |  486.0 |
               +--------+--------+--------+--------+--------+-----+--------+

Top non-repeatable levels by time:
     D:3: 1131 daAuts
     D:2: 748 daAuts
     D:1: 663 daAuts
     D:4: 570 daAuts
 Ossuary: 486 daAuts
     D:5: 36 daAuts
